 Dungeon Crawl Stone Soup version 0.17.2-1-ge4368a0 (webtiles) character file.

120 jacquesderrida the Ruffian (level 5, -14/26 HPs)
             Began as a Vine Stalker Wanderer on Oct 23, 2016.
             Was an Initiate of Okawaru.
             Demolished by Menkaure (16 damage)
             ... on level 5 of the Dungeon.
             The game lasted 00:06:55 (1369 turns).

jacquesderrida the Ruffian (Vine Stalker Wanderer)  Turns: 1369, Time: 00:06:55

Health: -14/26     AC:  5    Str: 16    XL:     5   Next: 4%
Magic:  0/7        EV: 11    Int: 12    God:    Okawaru [......]
Gold:   103        SH:  0    Dex: 13    Spells: 0 memorised, 6 levels left

rFire  . . .     SeeInvis .     c - +0 quarterstaff
rCold  . . .     Clarity  .     a - +2 leather armour
rNeg   . . .     SustAt   .     (shield currently unavailable)
rPois  .         Gourm    .     (no helmet)
rElec  .         Spirit   +     (no cloak)
rCorr  +         Warding  .     (no gloves)
rMut   .         Stasis   .     (no boots)
MR     .....                    f - amulet of resist corrosion
Stlth  +.........               (no ring)
                                (no ring)

@: not resistant to hostile enchantments, very unstealthy
A: fangs 2, regeneration 1, magic shield, antimagic bite, no device heal 3, rot
immunity
a: Renounce Religion


You were on level 5 of the Dungeon.
You worshipped Okawaru.
Okawaru was noncommittal.
You were hungry.

You visited 2 branches of the dungeon, and saw 6 of its levels.

You collected 103 gold pieces.

Inventory:

Hand Weapons
 c - a +0 quarterstaff (weapon)
 n - a +0 morningstar
Armour
 a - a +2 leather armour (worn)
Magical Staves
 o - an uncursed staff of earth
Jewellery
 f - an amulet of resist corrosion (around neck)
Scrolls
 b - 2 scrolls of teleportation
 e - 2 scrolls of remove curse {unknown}
 g - a scroll of identify {unknown}
 h - a scroll of amnesia {unknown}
 i - a scroll of noise {unknown}
Potions
 j - a potion of curing {unknown}
 m - a potion of cure mutation {unknown}
 p - a potion of ambrosia {unknown}
Books
 q - a book of Conjurations

   Spells                             Type                      Level
   a - Magic Dart                     Conjuration                  1
   b - Searing Ray                    Conjuration                  2
   c - Dazzling Spray                 Conjuration/Hexes            3
   d - Fulminant Prism                Conjuration/Hexes            4
   e - Iskenderun's Mystic Blast      Conjuration                  4
   f - Iskenderun's Battlesphere      Conjuration/Charms           5
 r - a book of the Sky

   Spells                             Type                      Level
   a - Summon Lightning Spire         Summoning/Air                4
   b - Airstrike                      Air                          4
   c - Silence                        Hexes/Air                    5
   d - Deflect Missiles               Charms/Air                   6
   e - Conjure Ball Lightning         Conjuration/Air              6
   f - Tornado                        Air                          9
Comestibles
 d - 2 bread rations
 k - a meat ration
 l - a beef jerky


   Skills:
 + Level 2.0 Fighting
 - Level 2.6 Staves
 - Level 1.0 Throwing
 - Level 1.5 Dodging
   Level 1.0 Shields
 * Level 3.7 Unarmed Combat
 - Level 1.1 Spellcasting
   Level 1.0 Conjurations
   Level 1.0 Hexes


You had 6 spell levels left.
You didn't know any spells.

Dungeon Overview and Level Annotations

Branches:
Dungeon (5/15)             Temple (1/1) D:4

Altars:
Ashenzari
Cheibriados
Gozag
Kikubaaqudgha
Makhleb
Okawaru
Qazlal
Ru
Sif Muna
Vehumet
The Shining One

Annotations:
D:3 Goblin1989's ghost, amateur DsMo
D:5 Menkaure


Innate Abilities, Weirdness & Mutations

You have extremely sharp teeth.
Your natural rate of healing is unusually fast.
When hurt, damage is shared between your health and your magic reserves.
Your bite disrupts and absorbs the magic of your enemies.
Potions and wands cannot restore your health.
You are immune to rotting.


Message History

You hit Menkaure. Your bite misses Menkaure.
Menkaure is lightly damaged.
Menkaure hits you!!
Ouch! That really hurt!
Menkaure hits you!
* * * LOW HITPOINT WARNING * * *
You hit Menkaure.
Menkaure is lightly damaged.
Menkaure points at you and mumbles some strange words.
Pain shoots through your body!
* * * LOW HITPOINT WARNING * * *
Your leather armour prevents you from hitting Menkaure.
You bite Menkaure, but do no damage.
Menkaure is lightly damaged.
Menkaure hits you but does no damage.
You hit Menkaure but do no damage.
Menkaure is lightly damaged.
Menkaure hits you!
Ouch! That really hurt!
You die...

.# #####. #...
#.... #...
#...### #....
#...#<# #..M.
#...#.# #.(...
#...#.#
#.....##...#.#
.......#@..#.#
.......M.....#
.......###.#.#
....... #...#
....... ###.#
#####.. ..#
#.# ### #. #.


You could see Menkaure.

Vanquished Creatures
  A worker ant (D:4)
  An iguana (D:4)
  2 adders
  A gnoll (D:1)
  A worm (D:4)
  A giant gecko (D:5)
  5 orcs (D:3)
  A bat (D:1)
  3 giant cockroaches
  4 goblins (D:1)
  A hobgoblin (D:4)
  3 jackals (D:4)
  2 kobolds (D:1)
  4 giant newts
  4 rats
34 creatures vanquished.

Notes
Turn   | Place    | Note
--------------------------------------------------------------
     0 | D:1      | jacquesderrida the Vine Stalker Wanderer began the quest for the Orb.
     0 | D:1      | jacquesderrida set off with: a +2 leather armour, a scroll of teleportation, a +0 quarterstaff, a bread ration
     0 | D:1      | Reached XP level 1. HP: 9/9 MP: 3/3
    62 | D:1      | Reached skill level 1 in Fighting
    71 | D:1      | Reached skill level 1 in Unarmed Combat
    71 | D:1      | Reached XP level 2. HP: 12/14 MP: 4/4
   229 | D:2      | Reached XP level 3. HP: 18/18 MP: 5/5
   234 | D:2      | Found a stormy altar of Qazlal.
   329 | D:3      | Found a burning altar of Makhleb.
   409 | D:3      | Noticed Goblin1989's ghost (amateur DsMo)
   518 | D:4      | Reached XP level 4. HP: 19/22 MP: 4/6
   628 | D:5      | Entered Level 5 of the Dungeon
   639 | D:5      | Reached skill level 3 in Unarmed Combat
   672 | D:5      | Noticed an ice beast
   937 | D:4      | Found a staircase to the Ecumenical Temple.
   946 | Temple   | Entered the Ecumenical Temple
  1116 | Temple   | Became a worshipper of Warmaster Okawaru
  1239 | D:4      | Reached XP level 5. HP: 16/26 MP: 7/7
  1358 | D:5      | Noticed Menkaure
  1367 | D:5      | HP: 1/26 [Menkaure/nerve-wracking pain (2)]
  1369 | D:5      | Demolished by Menkaure

Action                   |  1- 3 |  4- 6 || total
-------------------------+-------+-------++-------
Melee: Quarterstaff      |    81 |    41 ||   122
 Stab: Sleeping          |     1 |       ||     1
  Eat: Chunk             |       |     1 ||     1
